 Dungeon Crawl Stone Soup version 0.20.0 (webtiles) character file.

232 AluminumLizard the Sneak (level 6, -2/46 HPs)
             Began as a Human Assassin on July 28, 2017.
             Killed from afar by an orc wizard (8 damage)
             ... with a magic dart
             ... on level 3 of the Dungeon.
             The game lasted 00:08:18 (2211 turns).

AluminumLizard the Sneak (Human Assassin)           Turns: 2211, Time: 00:08:19

Health: -2/46      AC:  6    Str: 12    XL:     6   Next: 25%
Magic:  6/6        EV: 11    Int: 11    God:
Gold:   122        SH:  0    Dex: 16    Spells: 5/5 levels left

rFire    . . .     SeeInvis .   k - +1 short sword (venom)
rCold    . . .     Gourm    .   (no shield)
rNeg     . . .     Faith    .   h - +1 leather armour
rPois    .         Spirit   .   g - +0 helmet
rElec    .         Reflect  .   d - +0 cloak
rCorr    .         Harm     .   (no gloves)
MR       .....                  (no boots)
Stlth    +++.......             (no amulet)
Regen    0.2/turn               (no ring)
MPRegen  0.1/turn               (no ring)

@: no status effects
A: no striking features
a: no special abilities


You were on level 3 of the Dungeon.
You were not hungry.

You visited 1 branch of the dungeon, and saw 3 of its levels.

You collected 122 gold pieces.

Inventory:

Hand Weapons
 a - a +2 dagger
 b - a +0 blowgun
 j - a +0 hunting sling of flaming
 k - a +1 short sword of venom (weapon)
Missiles
 e - 19 poisoned needles
 f - 2 curare-tipped needles
Armour
 c - a +0 robe
 d - a +0 cloak (worn)
 g - a +0 helmet (worn)
 h - a +1 leather armour (worn)
Scrolls
 l - a scroll of remove curse
Potions
 o - a potion of resistance {unknown}
Comestibles
 n - 3 fruits


   Skills:
 + Level 2.4 Fighting
 * Level 3.5 Short Blades
 + Level 2.2 Throwing
 + Level 0.8 Armour
 + Level 1.3 Dodging
 * Level 6.2 Stealth


You had 5 spell levels left.
You didn't know any spells.

Dungeon Overview and Level Annotations

Branches:
Dungeon (3/15)

Altars:

Annotations:
D:3 Grinder


Message History

The orc closely misses you. Grinder gestures at you.
Pain shoots through your body!
You barely miss the orc. The orc misses you.
You closely miss the orc. Grinder closely misses you.
The orc closely misses you.
The orc wizard mumbles some strange words.
The orc wizard blinks!
The orc hits you with a morningstar!
You puncture the orc!
You kill the orc!
Grinder gestures at you. Pain shoots through your body!
* * * LOW HITPOINT WARNING * * *
The orc hits you with a club.
* * * LOW HITPOINT WARNING * * *
The orc wizard mumbles some strange words.
The orc wizard seems to speed up.
The orc wizard casts a spell at you. The magic dart hits you!
You die...

... #. #.#...###
#.##.###.......#
..##..........#
#....#..)....##
.#.#.###..)....
##
##........####
#.###.
#..########
#....5######.#
#..ยง.).@.....#
#####o..o[...#
##########


You could see Grinder, an orc wizard and an orc.

Vanquished Creatures
  Sigmund (D:2)
  Robin (D:3)
  3 adders
  A worm (D:2)
  2 orcs (D:3)
  A giant cockroach (D:2)
  13 goblins
  6 hobgoblins
  A quokka (D:2)
  7 bats
  2 frilled lizards
  3 kobolds
  4 rats (D:2)
45 creatures vanquished.

Notes
Turn   | Place    | Note
-------+----------+-------------------------------------------
     0 | D:1      | AluminumLizard the Human Assassin began the quest for the Orb.
     0 | D:1      | Reached XP level 1. HP: 16/16 MP: 1/1
   511 | D:1      | Reached XP level 2. HP: 22/22 MP: 2/2
   804 | D:2      | Reached XP level 3. HP: 27/27 MP: 3/3
   868 | D:2      | Noticed Sigmund
  1112 | D:2      | Killed Sigmund
  1112 | D:2      | Reached skill level 6 in Stealth
  1112 | D:2      | Reached XP level 4. HP: 3/34 MP: 4/4
  1112 | D:2      | Reached XP level 5. HP: 3/39 MP: 5/5
  1763 | D:3      | Reached XP level 6. HP: 45/45 MP: 6/6
  1768 | D:3      | Noticed Robin
  1791 | D:3      | Killed Robin
  2205 | D:3      | Noticed Grinder
  2211 | D:3      | Killed from afar by an orc wizard

Skill      XL: |  1  2  3  4  5 |
---------------+----------------+-----
Stealth        | 6 |  6.2
Short Blades   | 3 |  3.5
Fighting       | |  2.4
Throwing       | |  2.2
Armour         | |  0.8
Dodging        | |  1.3

Action                   |  1- 3 |  4- 6 || total
-------------------------+-------+-------++-------
Melee: Dagger            |    36 |       ||    36
       Short sword       |    12 |    88 ||   100
 Fire: Blowgun           |     3 |       ||     3
  Use: Scroll            |     4 |     4 ||     8
       Potion            |     1 |     4 ||     5
 Stab: Sleeping          |     4 |       ||     4
  Eat: Bread ration      |     1 |       ||     1
       Royal jelly       |     1 |       ||     1
       Fruit             |       |     1 ||     1
Armor: Robe              |     6 |       ||     6
       Leather armour    |     4 |    42 ||    46
Dodge: Dodged            |    27 |    87 ||   114
